 Dungeon Crawl Stone Soup version 0.18-a0-1788-g92de1ac (webtiles) character file.

9219 zxpr0jk the Covert (level 11, -4/101 HPs)
             Began as a Naga Assassin on Apr 20, 2016.
             Was the Champion of Cheibriados.
             Slain by a yak (8 damage)
             ... on level 11 of the Dungeon.
             The game lasted 00:32:35 (8594 turns).

zxpr0jk the Covert (Naga Assassin)                  Turns: 8594, Time: 00:32:36

Health: -4/101     AC: 13    Str: 26    XL:     11   Next: 43%
Magic:  14/14      EV: 19    Int: 29    God:    Cheibriados [******]
Gold:   581        SH:  0    Dex: 31    Spells: 0 memorised, 10 levels left

rFire  + . .     SeeInvis +     a - +3 dagger (elec)
rCold  + . .     Gourm    .     I - +1 robe {rC+}
rNeg   . . .     Faith    .     (no shield)
rPois  +         Spirit   .     (helmet restricted)
rElec  .         Dismiss  .     E - +1 cloak
rCorr  .         Reflect  .     h - +2 pair of gloves
SustAt .         Harm     .     (no barding)
MR     ++...     Rnd*Tele +     (no amulet)
Stlth  +++++++...               q - ring of Summer {*Tele rF+ MR+ Str-2}
                                F - +3 ring of protection

@: exhausted, slowed, very slow, very resistant to hostile enchantments,
extremely stealthy
A: antennae 1, see invisible, clever 1, deformed body, low mp 1, mutation
resistance 1, poison resistance, robust 1, slowness 2, slow metabolism 1, spit
poison 2, AC +3
a: Spit Poison, Bend Time, Temporal Distortion, Slouch, Step From Time, Renounce
Religion


You were on level 11 of the Dungeon.
You worshipped Cheibriados.
Cheibriados was exalted by your worship.
You were very hungry.

You visited 1 branch of the dungeon, and saw 11 of its levels.

You collected 581 gold pieces.

Inventory:

Hand Weapons
 a - a +3 dagger of electrocution (weapon)
 b - a +0 blowgun
Missiles
 e - 28 poisoned needles
 f - 2 curare-tipped needles
Armour
 h - a +2 pair of gloves (worn)
 i - a +1 helmet of intelligence
 o - a +0 buckler
 s - a +2 robe of the Archmagi
 C - a mottled dragon hide
 E - a +1 cloak (worn)
 I - a +1 robe of cold resistance (worn)
Magical Staves
 y - an uncursed staff of air
 L - an uncursed staff of cold
Jewellery
 k - an uncursed ring of magical power
 m - a +3 ring of protection
 q - the ring of Summer (right hand) {*Tele rF+ MR+ Str-2}
   (You found it on level 10 of the Dungeon)

   [ring of teleportation]

   It may teleport you next to monsters.
   It affects your strength (-2).
   It protects you from fire.
   It affects your resistance to hostile enchantments.
 x - an uncursed ring of positive energy
 D - an uncursed ring of protection from magic
 F - a +3 ring of protection (left hand)
Wands
 r - a wand of confusion (2/48)
 t - a wand of iceblast (12/15)
 w - a wand of acid (8/15)
 z - a wand of lightning (11/15)
 A - a wand of enslavement (7/24)
 M - a wand of disintegration (15/24)
Scrolls
 c - a scroll of amnesia
 d - a scroll of blinking
 u - 2 scrolls of remove curse
 v - 4 scrolls of identify
 K - a scroll of enchant armour
Potions
 n - 2 potions of flight
Books
 J - Cuaqevuf's Guide on Dislocation and Evil
   (You found it on level 11 of the Dungeon)

   Spells                             Type                      Level
   a - Blink                          Translocation                2
   b - Recall                         Summoning/Translocation      3
   c - Portal Projectile              Translocation                3
   d - Excruciating Wounds            Charms/Necromancy            5
   e - Warp Weapon                    Charms/Translocation         5
Comestibles
 g - 10 bread rations
 j - 5 meat rations
 l - 2 fruits
 p - 5 beef jerkies
 B - 9 slices of pizza
 H - 2 chunks of flesh


   Skills:
 - Level 4.2 Fighting
 - Level 11.0 Short Blades
 - Level 1.7 Throwing
 - Level 8.0 Dodging
 - Level 11.7 Stealth
 + Level 6.2 Evocations


You had 10 spell levels left.
You didn't know any spells.

Dungeon Overview and Level Annotations

Branches:
Dungeon (11/15)            Temple (0/1) D:4            Lair (0/8) D:9
    Orc: D:9-12

Altars:
Cheibriados
Dithmenos
Makhleb
Nemelex Xobeh
Okawaru
Pakellas
Qazlal
Ru
Xom
Zin
The Shining One

Shops:
D:11 *

Annotations:
D:5 Grushdeva's ghost, novice MiBe


Innate Abilities, Weirdness & Mutations

You cannot wear boots.
Your serpentine skin is tough (AC +3).
You have supernaturally acute eyesight.
Armour fits poorly on your strangely shaped body.
Your system is resistant to poisons.
You cover ground very slowly.
You have a slow metabolism.
You can spit poison.
You have a pair of small antennae on your head.
Your mind is acute. (Int +2)
Your magical capacity is low (-10% MP).
You are somewhat resistant to further mutation.
You are robust (+10% HP).


Message History

The yak misses you. The yak gores you.
* * * LOW HITPOINT WARNING * * *
Things that are here:
a dagger of venom; a stone; 4 inedible chunks of flesh You hit the yak.
You kill the yak!
Cheibriados appreciates the change of pace.
The yak gores you!
* * * LOW HITPOINT WARNING * * *
You barely miss the yak. You puncture the yak!
There is a sudden explosion of sparks!
The yak is heavily wounded.
The yak misses you.
You hit the yak.
The yak is severely wounded.
The yak barely misses you.
You hit the yak.
The yak is severely wounded.
The yak gores you!
You die...

#####'##### ##.K.......#
.'.........# #.........#
#.........# #.........#
#....Y)Y..# #
#######'### #># ##.@YY#
###.### #..#### ......#
#####'######### ......#
#.(†.)†.......# ......#
#.....(....)..#
......####...†.........#
......##.'.............#
.........#.............#
......#######'##########


You could see 2 yaks.

Vanquished Creatures
  Fannar (D:11)
  Erolcha (D:9)
  2 hill giants (D:10)
  Joseph (D:7)
  A komodo dragon (D:8)
  Prince Ribbit (D:8)
  3 two-headed ogres
  5 yaks
  A wyvern (D:8)
  Grum (D:10)
  A human (D:9)
  2 hippogriffs
  A mottled dragon (D:10)
  2 water moccasins
  2 orc warriors (D:10)
  2 black bears
  2 ice beasts
  3 sky beasts
  An ogre (D:4)
  A phantom (D:11)
  2 necrophages
  3 wolves (D:10)
  2 centaurs
  3 big kobolds
  5 giant frogs
  A wyvern zombie (D:6)
  3 scorpions
  3 howler monkeys
  2 centaur zombies
  A crimson imp (D:10)
  A quasit (D:9)
  7 hounds
  3 jellies
  3 orc priests (D:8)
  A centaur skeleton (D:5)
  Ijyb (D:2)
  3 giant frog skeletons
  7 iguanas
  3 orc wizards
  Terence (D:3)
  4 worker ants
  3 sheep (D:9)
  Robin (D:2)
  A worker ant zombie (D:3)
  7 gnolls
  9 adders
  3 shadow imps
  2 oozes
  An adder zombie (D:5)
  An adder skeleton (D:5)
  2 worms (D:2)
  2 dart slugs (D:1)
  5 giant geckos
  24 orcs
  6 giant cockroaches
  9 goblins (D:2)
  7 hobgoblins
  3 quokkas
  3 ball pythons
  7 bats
  A giant gecko skeleton (D:7)
  2 giant newts
  2 jackal skeletons
  A jackal zombie (D:5)
  20 kobolds
  A quokka skeleton (D:4)
  9 rats
225 creatures vanquished.

Vanquished Creatures (others)
  A kobold (D:11)
1 creature vanquished.

Grand Total: 226 creatures vanquished

Notes
Turn   | Place    | Note
--------------------------------------------------------------
     0 | D:1      | zxpr0jk the Naga Assassin began the quest for the Orb.
     0 | D:1      | Reached XP level 1. HP: 19/19 MP: 1/1
   434 | D:1      | Reached XP level 2. HP: 26/26 MP: 2/2
   966 | D:1      | Reached XP level 3. HP: 18/32 MP: 3/3
   996 | D:1      | Found a snail-covered altar of Cheibriados.
  1009 | D:1      | Became a worshipper of Cheibriados the Contemplative
  1288 | D:2      | Noticed Robin
  1313 | D:2      | Reached * piety under Cheibriados
  1323 | D:2      | Killed Robin
  1323 | D:2      | Reached XP level 4. HP: 29/39 MP: 4/4
  1375 | D:2      | Found a shadowy altar of Dithmenos.
  1697 | D:3      | Noticed Terence
  1726 | D:3      | Killed Terence
  1726 | D:3      | Reached ** piety under Cheibriados
  1757 | D:3      | Noticed Ijyb
  1827 | D:2      | Killed Ijyb
  1827 | D:2      | Reached XP level 5. HP: 21/45 MP: 5/5
  2551 | D:4      | Found a sparkling altar of Nemelex Xobeh.
  2571 | D:4      | Reached XP level 6. HP: 52/52 MP: 6/6
  2608 | D:4      | Found a staircase to the Ecumenical Temple.
  2635 | D:4      | Noticed a phantom
  2787 | D:4      | Reached skill level 10 in Stealth
  2820 | D:4      | Found a stormy altar of Qazlal.
  3066 | D:5      | Entered Level 5 of the Dungeon
  3105 | D:5      | Reached *** piety under Cheibriados
  3126 | D:5      | Reached XP level 7. HP: 55/60 MP: 7/7
  3183 | D:5      | Noticed Grushdeva's ghost (novice MiBe)
  3194 | D:5      | Gained mutation: You are somewhat resistant to further mutation. [potion of mutation]
  3194 | D:5      | Gained mutation: Your magical capacity is low (-10% MP). [potion of mutation]
  3264 | D:5      | You fall through a shaft for 2 floors!
  3958 | D:6      | Reached skill level 5 in Short Blades
  4054 | D:6      | Reached XP level 8. HP: 67/67 MP: 7/7
  4266 | D:7      | Noticed Joseph
  4322 | D:5      | Found a burning altar of Makhleb.
  4558 | D:5      | Reached **** piety under Cheibriados
  5199 | D:7      | Killed Joseph
  5240 | D:7      | Found an oddly glowing altar of Pakellas.
  5250 | D:7      | Found a sacrificial altar of Ru.
  5283 | D:7      | Reached XP level 9. HP: 65/73 MP: 8/8
  5468 | D:8      | Noticed Prince Ribbit
  5589 | D:8      | Killed Prince Ribbit
  5589 | D:8      | Reached skill level 10 in Short Blades
  5646 | D:8      | Noticed a komodo dragon
  5652 | D:8      | Killed a komodo dragon
  5660 | D:8      | Gained mutation: You are robust (+10% HP). [mutagenic meat]
  5662 | D:8      | Gained mutation: You have a pair of small antennae on your head. [mutagenic meat]
  5664 | D:8      | Gained mutation: Your mind is acute. (Int +2) [mutagenic meat]
  5865 | D:8      | Reached ***** piety under Cheibriados
  5865 | D:8      | Reached skill level 1 in Dodging
  6295 | D:8      | Found a glowing silver altar of Zin.
  6521 | D:9      | Reached XP level 10. HP: 88/88 MP: 9/9
  6615 | D:9      | Reached skill level 5 in Dodging
  6708 | D:9      | Found a staircase to the Lair.
  6863 | D:9      | Found an iron altar of Okawaru.
  6866 | D:9      | Found a glowing golden altar of the Shining One.
  6867 | D:9      | Found a shimmering altar of Xom.
  6872 | D:9      | Noticed Erolcha
  6892 | D:9      | Killed Erolcha
  7121 | D:10     | Entered Level 10 of the Dungeon
  7181 | D:10     | Noticed Grum
  7199 | D:10     | Killed Grum
  7496 | D:10     | Noticed a hill giant
  7514 | D:10     | Noticed a hill giant
  7530 | D:10     | Killed a hill giant
  8031 | D:10     | Reached XP level 11. HP: 76/100 MP: 9/9
  8078 | D:10     | Reached ****** piety under Cheibriados
  8097 | D:10     | Got a glittering marble ring
  8100 | D:10     | Identified the ring of Summer {*Tele rF+ MR+ Str-2} (You found it on level 10 of the Dungeon)
  8177 | D:10     | Killed a hill giant
  8327 | D:11     | Identified Cuaqevuf's Guide on Dislocation and Evil
  8403 | D:11     | Found Jeigekh's General Store.
  8483 | D:11     | Noticed Fannar
  8529 | D:11     | Killed Fannar
  8529 | D:11     | Reached skill level 5 in Evocations
  8590 | D:11     | HP: 4/101 [yak (13)]
  8594 | D:11     | Slain by a yak

Vault maps used:
D:1:      minmay_arrival_stair_chambers, corexii_corridor_pit,
          serial_park_tiny_1, roderic_lattice_a, st_stairs_11,
          corexii_item_surrounded_by_moat, cheibriados_altar_1
D:2:      grunt_dithmenos_smoke, uniq_robin
D:3:      uniq_terence, uniq_iyjb
D:4:      nemelex_xobeh_ov_fountains_minmay, gammafunk_temple_overflow_statue,
          grunt_qazlal_clouds, minmay_temple_entry_statues_pillars
D:5:      bloody_makhleb, first_bread, serial_glass, glass_columns_b,
          glass_columns_a
D:7:      overflow_temple_1_default, grunt_pakellas_basics, uniq_joseph
D:8:      overflow_temple_1_default, uniq_prince_ribbit1
D:9:      grunt_temple_overflow_open, lair_0_dummy, grunt_livestock,
          st_stairs_12, uniq_erolcha
D:10:     orc_0_dummy, uniq_grum
D:11:     serial_shops, shop, uniq_nergalle, uniq_fannar

Skill      XL: |  1  2  3  4  5  6  7  8  9 10 11 |
---------------+----------------------------------+-----
Stealth        | 6 7 8 9 10 11 | 11.7
Short Blades   | 3 4 5 9 11 | 11.0
Dodging        | 4 8 |  8.0
Fighting       | 3 4 |  4.2
Evocations     | 6 |  6.2
Throwing       | |  1.7

Action                   |  1- 3 |  4- 6 |  7- 9 | 10-12 || total
-------------------------+-------+-------+-------+-------++-------
Melee: Dagger            |   103 |   218 |   278 |   311 ||   910
 Abil: Spit Poison       |       |       |       |     3 ||     3
Evoke: Wand              |       |       |     3 |     8 ||    11
  Use: Scroll            |     2 |       |    15 |     8 ||    25
       Potion            |     1 |       |    11 |     6 ||    18
 Stab: Sleeping          |     9 |    14 |    20 |    14 ||    57
       Invisible         |     3 |       |       |       ||     3
       Distracted        |       |       |     3 |     2 ||     5
       Confused          |       |       |       |     3 ||     3
       Fleeing           |       |       |       |     2 ||     2
  Eat: Chunk             |     1 |     3 |    13 |     5 ||    22
Armor: Robe              |     5 |    96 |    86 |    79 ||   266
       Leather armour    |    28 |    23 |       |       ||    51
       Skin              |       |       |     2 |       ||     2
Dodge: Dodged            |    49 |   108 |   115 |   234 ||   506
